 Dungeon Crawl Stone Soup version 0.20.1-1-g8b1a95d (webtiles) character file.

6787 ReteAZ the Severer (level 10, -12/83 HPs)
             Began as a Minotaur Berserker on July 30, 2017.
             Was an Elder of Trog.
             Mangled by a two-headed ogre
             ... wielding a +0 giant club
              (14 damage)
             ... on level 9 of the Dungeon.
             The game lasted 00:29:01 (9451 turns).

ReteAZ the Severer (Minotaur Berserker)             Turns: 9451, Time: 00:29:01

Health: -12/83     AC: 11    Str: 20    XL:     10   Next: 76%
Magic:  18/18      EV: 10    Int:  5    God:    Trog [****..]
Gold:   490        SH:  0    Dex:  7    Spells: 9/9 levels left

rFire    + + +     SeeInvis .   H - +1 battleaxe (venom)
rCold    . . .     Gourm    .   (shield currently unavailable)
rNeg     + + +     Faith    .   t - +2 scale mail {MR+}
rPois    .         Spirit   .   (helmet restricted)
rElec    .         Reflect  .   s - +0 cloak "Borihiu" {rF+++ rN+++ Str-3 Dex-4} (curse)
rCorr    .         Harm     .   (no gloves)
MR       +....                  (no boots)
Stlth    ..........             (no amulet)
Regen    0.3/turn               N - ring of magical power
MPRegen  0.2/turn               (no ring)

@: about to teleport
A: retaliatory headbutt, horns 2
a: Berserk, Trog's Hand, Brothers in Arms, Burn Spellbooks, Renounce Religion


You were on level 9 of the Dungeon.
You worshipped Trog.
Trog was greatly pleased with you.
You were not hungry.

You visited 1 branch of the dungeon, and saw 9 of its levels.

You collected 490 gold pieces.

Inventory:

Hand Weapons
 p - a +2 battleaxe of distortion
 H - a +1 battleaxe of venom (weapon)
 I - a +0 hand axe of electrocution
Missiles
 a - 7 steel javelins
 x - a javelin of penetration (quivered)
 D - 17 tomahawks
 G - 2 throwing nets
Armour
 j - a +0 cloak
 k - a +0 large shield
 s - the cursed +0 cloak "Borihiu" (worn) {rF+++ rN+++ Str-3 Dex-4}
   (You found it on level 7 of the Dungeon)

   It affects your strength (-3).
   It affects your dexterity (-4).
   It renders you almost immune to fire.
   It renders you almost immune to negative energy.
   It has a curse placed upon it.
 t - a +2 scale mail of magic resistance (worn)
 C - a +0 plate armour
Jewellery
 r - an uncursed ring of ice
 N - a ring of magical power (left hand)
Wands
 f - a wand of disintegration (8/24)
 l - a wand of flame (22/48)
 u - a wand of enslavement (11/24)
 y - a wand of confusion (2/48)
 F - a wand of iceblast (12/15)
 K - a wand of flame (23/48)
 M - a wand of iceblast (12/15)
Scrolls
 g - a scroll of remove curse
 h - a scroll of fear
 m - a scroll of enchant armour {unknown}
 q - a scroll of magic mapping
Potions
 d - 2 potions of flight {unknown}
 e - a potion of berserk rage {unknown}
 i - 2 potions of agility
 o - a potion of heal wounds
 v - 3 potions of might {unknown}
 A - 2 potions of invisibility {unknown}
 O - a potion of ambrosia {unknown}
Comestibles
 c - 6 bread rations
 n - 11 meat rations
 z - a royal jelly


   Skills:
 - Level 6.3 Fighting
 * Level 16.0 Axes
 - Level 0.4 Throwing
 - Level 9.2 Armour
 - Level 2.1 Dodging
 - Level 1.3 Stealth


You had 9 spell levels left.
You didn't know any spells.

Dungeon Overview and Level Annotations

Branches:
Dungeon (9/15)             Temple (0/1) D:6
   Lair: D:8-11         Orc: D:9-12

Altars:
Dithmenos
Fedhas
Gozag
Hepliaklqana
Vehumet
Xom
Beogh

Annotations:
D:5 2 transporters, Grinder
D:8 1 exclusion


Innate Abilities, Weirdness & Mutations

You reflexively headbutt those who attack you in melee.
You have a pair of horns on your head.


Message History

The two-headed ogre hits you with a giant club!
The two-headed ogre hits you with a giant spiked club.
The yak barely misses you. You furiously retaliate!
You headbutt the yak.
All of the chunks of flesh in your inventory have rotted away.
You barely miss the two-headed ogre.
The two-headed ogre is heavily wounded.
You hit the yak.
The yak is poisoned.
The yak gores you but does no damage.
You barely miss the two-headed ogre. You headbutt the two-headed ogre.
The two-headed ogre is heavily wounded.
You closely miss the yak.
The two-headed ogre hits you with a giant club!
* * * LOW HITPOINT WARNING * * *
The two-headed ogre hits you with a giant spiked club!
* * * LOW HITPOINT WARNING * * *
As you read the scroll of teleportation, it crumbles to dust.
You feel strangely unstable.
The two-headed ogre looks more healthy.
The yak gores you!
* * * LOW HITPOINT WARNING * * *
The two-headed ogre hits you with a giant club!
You die...

(.(...≈≈≈≈≈≈≈≈≈≈≈≈≈
......≈≈≈≈≈≈≈≈≈≈≈≈≈#
......≈≈≈≈≈c≈≈≈≈≈≈≈ #...
......≈≈≈≈≈≈≈≈≈≈≈≈≈ +..
.....(.#.......#..# #..
.....(.#.......#..# #..
......)#.....<.#..# #.#
.......'.......#..# #.#
.....((#.......#@.# #.#
......(#.......#OY# ##.## #####
##.....#.......#Y.####...####....
.......#.......#....†Y._.........
.......#########..####...####....
.......(.)........# ##.## #....
...##....###....### #.# #.... ...
#....# #....# #÷# #.... .. #....#
#....# #####.#####...Y


You could see a two-headed ogre and 2 yaks.

Vanquished Creatures
  A two-headed ogre (D:9)
  A centaur warrior (D:8)
  Pikel (D:8)
  The ghost of xash the Changer, a novice OpTm of Cheibriados (D:6)
  The ghost of eowindel the Ducker, a novice SpWr (D:8)
  Sigmund (D:2)
  A yak (D:9)
  Eustachio (D:5)
  2 vampire mosquitoes
  6 orc warriors
  4 slaves (D:8)
  3 ice beasts
  2 sky beasts
  5 ogres
  A phantom (D:7)
  A centaur (D:9)
  A big kobold (D:8)
  7 bullfrogs
  2 scorpions
  A water moccasin skeleton (D:7)
  3 wights (D:6)
  A crimson imp (D:8)
  An electric eel (D:6)
  A bullfrog zombie (D:7)
  12 orc priests
  3 jellies
  A bullfrog skeleton (D:5)
  A hound (D:7)
  7 orc wizards
  3 iguanas
  Ijyb (D:4)
  Natasha (thrice) (D:2)
  5 worker ants
  4 gnolls (D:8)
  6 adders
  2 oozes
  An adder skeleton (D:8)
  2 worms
  12 dart slugs
  2 leopard geckos
  43 orcs
  2 ball pythons
  5 giant cockroaches
  11 hobgoblins
  9 jackals
  15 kobolds
  6 quokkas
  7 bats
  2 frilled lizards
  14 goblins
  A leopard gecko skeleton (D:7)
  A quokka skeleton (D:8)
  11 rats
241 creatures vanquished.

Notes
Turn   | Place    | Note
-------+----------+-------------------------------------------
     0 | D:1      | ReteAZ the Minotaur Berserker began the quest for the Orb.
     0 | D:1      | Reached XP level 1. HP: 19/19 MP: 0/0
    79 | D:1      | Reached skill level 4 in Axes
   147 | D:1      | Reached XP level 2. HP: 16/26 MP: 1/1
   386 | D:1      | Reached skill level 5 in Axes
   559 | D:1      | Reached XP level 3. HP: 28/31 MP: 2/2
   593 | D:1      | Reached ** piety under Trog
  1093 | D:2      | Reached XP level 4. HP: 9/39 MP: 3/3
  1609 | D:2      | Noticed Sigmund
  1624 | D:2      | Reached skill level 6 in Axes
  1625 | D:2      | Killed Sigmund
  1625 | D:2      | Reached skill level 7 in Axes
  1625 | D:2      | Reached XP level 5. HP: 43/45 MP: 4/4
  1685 | D:2      | Noticed Natasha
  1696 | D:2      | Killed Natasha
  1702 | D:2      | Noticed Natasha
  1711 | D:2      | Killed Natasha
  1711 | D:2      | Reached skill level 8 in Axes
  1711 | D:2      | Reached XP level 6. HP: 19/51 MP: 5/5
  1711 | D:2      | Noticed Natasha
  1722 | D:2      | Killed Natasha
  2216 | D:3      | Reached skill level 1 in Stealth
  2287 | D:3      | Reached *** piety under Trog
  3064 | D:4      | Reached skill level 9 in Axes
  3576 | D:4      | Reached XP level 7. HP: 58/58 MP: 6/6
  3603 | D:4      | Reached **** piety under Trog
  3727 | D:4      | Noticed Ijyb
  3744 | D:4      | Killed Ijyb
  3792 | D:5      | Entered Level 5 of the Dungeon
  3864 | D:5      | Found a blossoming altar of Fedhas.
  3867 | D:5      | Found a shadowy altar of Dithmenos.
  3936 | D:5      | Noticed Grinder
  3943 | D:5      | Found an opulent altar of Gozag.
  3953 | D:5      | Found a transporter.
  3954 | D:5      | Noticed a gargoyle
  3960 | D:5      | Found a transporter.
  3968 | D:5      | Found a shimmering altar of Xom.
  4028 | D:5      | Noticed Eustachio
  4044 | D:5      | Killed Eustachio
  4102 | D:5      | Found a radiant altar of Vehumet.
  4188 | D:5      | Reached skill level 10 in Axes
  4335 | D:6      | Found a staircase to the Ecumenical Temple.
  4489 | D:6      | Reached XP level 8. HP: 56/67 MP: 7/7
  4513 | D:6      | Reached skill level 5 in Fighting
  4820 | D:6      | Noticed an eight-headed hydra
  5050 | D:6      | Noticed xash's ghost (novice OpTm)
  5067 | D:6      | Killed xash's ghost
  5067 | D:6      | Reached skill level 11 in Axes
  5067 | D:6      | Reached skill level 5 in Armour
  5830 | D:7      | Reached XP level 9. HP: 58/75 MP: 8/8
  6136 | D:7      | Reached skill level 12 in Axes
  6733 | D:7      | Received a gift from Trog
  6911 | D:7      | Found a transporter.
  6919 | D:7      | Found a roughly hewn altar of Beogh.
  6951 | D:7      | Reached skill level 13 in Axes
  6981 | D:7      | Got a twisted cloak
  7233 | D:7      | Identified the cursed +0 cloak "Borihiu" {rF+++ rN+++ Str-3 Dex-4} (You found it on level 7 of the Dungeon)
  7235 | D:7      | Found a transporter.
  7445 | D:8      | Noticed Pikel
  7460 | D:8      | Killed Pikel
  7460 | D:8      | Reached skill level 14 in Axes
  7460 | D:8      | Reached XP level 10. HP: 51/83 MP: 9/9
  7598 | D:8      | Noticed a centaur warrior
  7609 | D:8      | Killed a centaur warrior
  7683 | D:8      | Noticed eowindel's ghost (novice SpWr)
  7692 | D:8      | Killed eowindel's ghost
  8461 | D:8      | Received a gift from Trog
  8605 | D:8      | Reached skill level 15 in Axes
  9183 | D:9      | Found a hazy altar of Hepliaklqana.
  9184 | D:9      | Noticed a two-headed ogre
  9204 | D:9      | Killed a two-headed ogre
  9404 | D:9      | Noticed a two-headed ogre
  9438 | D:9      | Reached skill level 16 in Axes
  9451 | D:9      | HP: 2/83 [yak (13)]
  9451 | D:9      | Mangled by a two-headed ogre

Skill      XL: |  1  2  3  4  5  6  7  8  9 10 |
---------------+-------------------------------+-----
Axes           | 4 5 7 8 9 10 11 14 16 | 16.0
Stealth        | 1 |  1.3
Fighting       | 4 6 |  6.3
Armour         | 4 6 8 9 |  9.2
Throwing       | |  0.4
Dodging        | |  2.1

Action                   |  1- 3 |  4- 6 |  7- 9 | 10-12 || total
-------------------------+-------+-------+-------+-------++-------
Melee: Hand axe          |   120 |   144 |    14 |       ||   278
       Headbutt          |    11 |    24 |    42 |    19 ||    96
       War axe           |       |       |   112 |       ||   112
       Battleaxe         |       |       |   140 |   117 ||   257
Throw: Stone             |     1 |     2 |       |       ||     3
       Javelin           |       |       |       |     6 ||     6
Invok: Berserk           |     1 |     2 |     1 |     2 ||     6
       Trog's Hand       |       |       |     4 |     1 ||     5
       Burn Spellbooks   |       |       |       |     1 ||     1
Evoke: Wand              |       |       |       |     1 ||     1
  Use: Potion            |       |     2 |       |     1 ||     3
       Scroll            |       |     1 |     4 |     6 ||    11
 Stab: Sleeping          |       |     1 |       |       ||     1
  Eat: Chunk             |       |    11 |    12 |     5 ||    28
       Fruit             |       |       |     3 |     1 ||     4
       Meat ration       |       |       |       |     1 ||     1
Armor: Animal skin       |    22 |    16 |       |       ||    38
       Scale mail        |       |    17 |    73 |    65 ||   155
       Leather armour    |       |     1 |       |       ||     1
Dodge: Dodged            |    81 |    78 |   112 |    69 ||   340
